| TOP OF THE 1ST |
|
Reading Fightin Phils batting - Pitching for Altoona Curve : RHP Eric Bourque
|
|
Pitching: RHP Eric Bourque
|
|
|
Batting: RHB Mike Bell
|
0-0: Called Strike 0-1: Ball 1-1: Swinging Strike 1-2: Ball 2-2: Fly out, F8 (Flyball, 8RD, EV 91.9 MPH)
|
|
Batting: RHB Chris Myers
|
0-0: Swinging Strike 0-1: Ball 1-1: Fly out, F9 (Flyball, 9, EV 83.8 MPH)
|
|
Batting: RHB Guan-pei Gao
|
0-0: Called Strike 0-1: Ball 1-1: Swinging Strike 1-2: Fly out, F7 (Flyball, 7, EV 94.4 MPH)
|
| Top of the 1st over - 0 runs, 0 hits, 0 errors, 0 left on base; Reading 0 - Altoona 0 |
| BOTTOM OF THE 1ST |
|
Altoona Curve batting - Pitching for Reading Fightin Phils : LHP Tim Lawson
|
|
Pitching: LHP Tim Lawson
|
|
|
Batting: RHB Terrence Wilson
|
0-0: Ball 1-0: Ball 2-0: Called Strike 2-1: SINGLE (Groundball, 34D, EV 106.2 MPH) (infield hit)
|
|
Batting: RHB Alex Arzate
|
0-0: Called Strike 0-1: Ball 1-1: Ball 2-1: SINGLE (Flyball, 9LS, EV 92.5 MPH) Terrence Wilson to second Runner from 2nd tries for 3rd, SAFE, throw by RF made to third
|
|
Batting: RHB Brandon White
|
0-0: Called Strike 0-1: Called Strike 0-2: SINGLE (Groundball, 5D, EV 111.9 MPH) Terrence Wilson scores Alex Arzate to second
|
|
Batting: RHB Jeff Edwards
|
0-0: Grounds into double play, 4-6-3 (Groundball, 4, EV 86.9 MPH) Alex Arzate to third
|
|
Batting: LHB Carlos Vega
|
0-0: Ball 1-0: Ball 2-0: Called Strike 2-1: Fly out, F9 (Line Drive, 89D, EV 100.6 MPH)
|
| Bottom of the 1st over - 1 run, 3 hits, 0 errors, 1 left on base; Reading 0 - Altoona 1 |
| TOP OF THE 2ND |
|
Reading Fightin Phils batting - Pitching for Altoona Curve : RHP Eric Bourque
|
|
Batting: RHB Greg Herzig
|
0-0: Called Strike 0-1: Fly out, F4 (Popup, 4M, EV 72.5 MPH)
|
|
Batting: RHB Victor Arroyo
|
0-0: Ball 1-0: Called Strike 1-1: Called Strike 1-2: Strikes out swinging
|
|
Batting: RHB David Clough
|
0-0: Foul Ball, location: 2F 0-1: Called Strike 0-2: Foul Ball, location: 2F 0-2: Ground out 6-3 (Groundball, 6, EV 107.5 MPH)
|
| Top of the 2nd over - 0 runs, 0 hits, 0 errors, 0 left on base; Reading 0 - Altoona 1 |
| BOTTOM OF THE 2ND |
|
Altoona Curve batting - Pitching for Reading Fightin Phils : LHP Tim Lawson
|
|
Batting: RHB Steve Terres
|
0-0: Ball 1-0: Ground out 4-3 (Groundball, 34, EV 98.1 MPH)
|
|
Batting: LHB Joe Wise
|
0-0: Called Strike 0-1: Ball 1-1: Ground out 6-3 (Groundball, 6D, EV 105.6 MPH)
|
|
Batting: RHB Joe Young
|
0-0: Ball 1-0: Ball 2-0: Called Strike 2-1: Fly out, F9 (Flyball, 9S, EV 83.8 MPH)
|
| Bottom of the 2nd over - 0 runs, 0 hits, 0 errors, 0 left on base; Reading 0 - Altoona 1 |
| TOP OF THE 3RD |
|
Reading Fightin Phils batting - Pitching for Altoona Curve : RHP Eric Bourque
|
|
Batting: SHB Marco de Leon
|
0-0: Ball 1-0: Swinging Strike 1-1: Foul Ball, location: 2F 1-2: SINGLE (Groundball, 34S, EV 65.0 MPH) (infield hit)
|
|
Batting: RHB Victor Arias
|
0-0: Ball 1-0: Ball 2-0: Called Strike 2-1: Fielders Choice at 2nd, 5-4 (Groundball, 56, EV 106.2 MPH)
|
|
Batting: RHB Jake Cox
|
0-0: Ball 1-0: Foul Ball, location: 2F 1-1: Fielders Choice at 2nd, 4-6 (Groundball, 34, EV 101.9 MPH)
|
|
Batting: RHB Mike Bell
|
0-0: Swinging Strike 0-1: Called Strike 0-2: Strikes out swinging
|
| Top of the 3rd over - 0 runs, 1 hit, 0 errors, 1 left on base; Reading 0 - Altoona 1 |
| BOTTOM OF THE 3RD |
|
Altoona Curve batting - Pitching for Reading Fightin Phils : LHP Tim Lawson
|
|
Batting: LHB Mike Handrahan
|
0-0: Ball 1-0: Ground out 1-3 (Groundball, P, EV 68.8 MPH)
|
|
Batting: RHB Terrence Wilson
|
0-0: Called Strike 0-1: Ball 1-1: Ball 2-1: Reached via error on a dropped throw from SS, E3 (Groundball, 6, EV 86.9 MPH)
|
|
Batting: RHB Alex Arzate
|
0-0: Called Strike Terrence Wilson steals 2nd base (no throw) 0-1: Ball 1-1: Ball 2-1: Swinging Strike 2-2: Ground out 5-3 (Groundball, 56S, EV 75.0 MPH) Terrence Wilson to third
|
|
Batting: RHB Brandon White
|
0-0: Ball 1-0: Ground out 6-3 (Groundball, 6, EV 105.0 MPH)
|
| Bottom of the 3rd over - 0 runs, 0 hits, 1 error, 1 left on base; Reading 0 - Altoona 1 |
| TOP OF THE 4TH |
|
Reading Fightin Phils batting - Pitching for Altoona Curve : RHP Eric Bourque
|
|
Batting: RHB Chris Myers
|
0-0: Called Strike 0-1: Ball 1-1: Ball 2-1: Called Strike 2-2: Strikes out swinging
|
|
Batting: RHB Guan-pei Gao
|
0-0: Ball 1-0: Swinging Strike 1-1: Foul Ball, location: 2F 1-2: Ball 2-2: SINGLE (Line Drive, 8LS, EV 93.1 MPH)
|
|
Batting: RHB Greg Herzig
|
0-0: Foul Ball, location: 2F 0-1: Fly out, F9 (Line Drive, 9, EV 105.6 MPH)
|
|
Batting: RHB Victor Arroyo
|
0-0: Ball 1-0: SINGLE (Line Drive, 9S, EV 93.1 MPH) Guan-pei Gao to second Runner from 2nd tries for 3rd, SAFE, throw by RF made to third
|
|
Batting: RHB David Clough
|
0-0: Called Strike 0-1: Ball 1-1: Hit by Pitch Victor Arroyo to second
|
|
Batting: SHB Marco de Leon
|
0-0: Called Strike 0-1: Ball 1-1: Ball 2-1: Ball 3-1: Base on Balls Guan-pei Gao scores Victor Arroyo to third David Clough to second
|
|
Batting: RHB Victor Arias
|
0-0: Ball 1-0: Ball 2-0: DOUBLE (Groundball, 3L, EV 102.5 MPH) Victor Arroyo scores David Clough scores Marco de Leon to third
|
|
Batting: RHB Jake Cox
|
0-0: Foul Ball, location: 2F 0-1: Swinging Strike 0-2: Foul Ball, location: 2F 0-2: Strikes out swinging
|
| Top of the 4th over - 3 runs, 3 hits, 0 errors, 2 left on base; Reading 3 - Altoona 1 |
| BOTTOM OF THE 4TH |
|
Altoona Curve batting - Pitching for Reading Fightin Phils : LHP Tim Lawson
|
|
Batting: RHB Jeff Edwards
|
0-0: Called Strike 0-1: Ball 1-1: Ground out 5-3 (Groundball, 56S, EV 81.9 MPH)
|
|
Batting: LHB Carlos Vega
|
0-0: Called Strike 0-1: Ball 1-1: SINGLE (Line Drive, 3D, EV 99.4 MPH)
|
|
Batting: RHB Steve Terres
|
0-0: Ball 1-0: Ball 2-0: Foul Ball, location: 2F 2-1: Swinging Strike 2-2: Grounds into double play, 6-4-3 (Groundball, 6, EV 106.9 MPH)
|
| Bottom of the 4th over - 0 runs, 1 hit, 0 errors, 0 left on base; Reading 3 - Altoona 1 |
| TOP OF THE 5TH |
|
Reading Fightin Phils batting - Pitching for Altoona Curve : RHP Eric Bourque
|
|
Batting: RHB Mike Bell
|
0-0: Called Strike 0-1: Called Strike 0-2: Ground out 6-3 (Groundball, 6, EV 80.6 MPH)
|
|
Batting: RHB Chris Myers
|
0-0: Ball 1-0: Called Strike 1-1: Ball 2-1: Ball 3-1: Fly out, F8 (Flyball, 78M, EV 88.8 MPH)
|
|
Batting: RHB Guan-pei Gao
|
0-0: Ball 1-0: Swinging Strike 1-1: Foul Ball, location: 2F 1-2: Foul Ball, location: 2F 1-2: Ball 2-2: Foul Ball, location: 2F 2-2: Foul Ball, location: 2F 2-2: Strikes out looking
|
| Top of the 5th over - 0 runs, 0 hits, 0 errors, 0 left on base; Reading 3 - Altoona 1 |
| BOTTOM OF THE 5TH |
|
Altoona Curve batting - Pitching for Reading Fightin Phils : LHP Tim Lawson
|
|
Batting: LHB Joe Wise
|
0-0: Ball 1-0: SINGLE (Line Drive, 5D, EV 100.0 MPH)
|
|
Batting: RHB Joe Young
|
0-0: Called Strike 0-1: Ball 1-1: Ball 2-1: Ball 3-1: Called Strike 3-2: Base on Balls Joe Wise to second
|
|
Batting: LHB Mike Handrahan
|
0-0: Ball 1-0: DOUBLE (Groundball, 3L, EV 106.9 MPH) Joe Wise scores Joe Young to third
|
|
Batting: RHB Terrence Wilson
|
0-0: Ball 1-0: SINGLE (Line Drive, 89M, EV 106.2 MPH) Joe Young scores Mike Handrahan to third
|
|
Batting: RHB Alex Arzate
|
0-0: Ball 1-0: Ball 2-0: Ball 3-0: Base on Balls Terrence Wilson to second
|
|
Batting: RHB Brandon White
|
0-0: Called Strike 0-1: Ball 1-1: Ball 2-1: SINGLE (Groundball, 34D, EV 97.5 MPH) Mike Handrahan scores Terrence Wilson to third Alex Arzate to second
|
|
Batting: RHB Jeff Edwards
|
0-0: Ball 1-0: Called Strike 1-1: Ball 2-1: Grounds into fielders choice 6-2 (Groundball, 6, EV 103.1 MPH) Alex Arzate to third Brandon White to second
|
|
Batting: LHB Carlos Vega
|
0-0: Ball 1-0: Ball 2-0: Called Strike 2-1: Foul Ball, location: 2F 2-2: Strikes out swinging
|
|
Batting: RHB Steve Terres
|
0-0: Ball 1-0: Ball 2-0: Ball 3-0: Called Strike 3-1: Base on Balls Alex Arzate scores Brandon White to third Jeff Edwards to second
|
|
Pitching: RHP Seizaburo Takahashi
|
|
|
Batting: LHB Joe Wise
|
0-0: Foul Ball, location: 2F 0-1: Foul Ball, location: 2F 0-2: Strikes out swinging
|
| Bottom of the 5th over - 4 runs, 4 hits, 0 errors, 3 left on base; Reading 3 - Altoona 5 |
| TOP OF THE 6TH |
|
Reading Fightin Phils batting - Pitching for Altoona Curve : RHP Eric Bourque
|
|
Batting: RHB Greg Herzig
|
0-0: Ball 1-0: SINGLE (Line Drive, 8RS, EV 103.8 MPH)
|
|
Batting: RHB Victor Arroyo
|
0-0: Ball 1-0: Called Strike Greg Herzig is caught stealing 2nd base 2-4 1-1: Swinging Strike 1-2: Ball 2-2: Ball 3-2: Strikes out looking
|
|
Batting: RHB David Clough
|
0-0: Ball 1-0: Ball 2-0: Ball 3-0: Foul Ball, location: 2F 3-1: Base on Balls
|
|
Batting: SHB Marco de Leon
|
0-0: Called Strike 0-1: Swinging Strike 0-2: Ball 1-2: Ball 2-2: Ball 3-2: Ground out 4-3 (Groundball, 4, EV 83.8 MPH)
|
| Top of the 6th over - 0 runs, 1 hit, 0 errors, 1 left on base; Reading 3 - Altoona 5 |
| BOTTOM OF THE 6TH |
|
Altoona Curve batting - Pitching for Reading Fightin Phils : RHP Seizaburo Takahashi
|
|
Batting: RHB Joe Young
|
0-0: Ground out 6-3 (Groundball, 6, EV 86.2 MPH)
|
|
Batting: LHB Mike Handrahan
|
0-0: Ground out 4-3 (Groundball, 34, EV 91.2 MPH)
|
|
Batting: RHB Terrence Wilson
|
0-0: Called Strike 0-1: Foul Ball, location: 2F 0-2: Ball 1-2: Reached on error, E6 (Groundball, 6, EV 93.8 MPH)
|
|
Batting: RHB Alex Arzate
|
0-0: Ball 1-0: Called Strike Terrence Wilson steals 2nd base (no throw) 1-1: Fly out, F8 (Flyball, 8RD, EV 106.2 MPH)
|
| Bottom of the 6th over - 0 runs, 0 hits, 1 error, 1 left on base; Reading 3 - Altoona 5 |
| TOP OF THE 7TH |
|
Reading Fightin Phils batting - Pitching for Altoona Curve : RHP Eric Bourque
|
|
Pitching: RHP Greg Adair
|
|
|
Batting: RHB Victor Arias
|
0-0: Foul Ball, location: 2F 0-1: Ball 1-1: Ball 2-1: Swinging Strike 2-2: Ball 3-2: Foul Ball, location: 2F 3-2: Ground out 6-3 (Groundball, 6, EV 90.6 MPH)
|
|
Batting: RHB Jake Cox
|
0-0: Swinging Strike 0-1: Ball 1-1: Swinging Strike 1-2: Foul Ball, location: 2F 1-2: SINGLE (Line Drive, 6MD, EV 101.2 MPH)
|
|
Batting: RHB Mike Bell
|
0-0: Foul Ball, location: 2F 0-1: Ball 1-1: Foul Ball, location: 2F 1-2: Strikes out swinging
|
|
Batting: RHB Chris Myers
|
0-0: Ball 1-0: Fly out, F8 (Flyball, 89M, EV 97.5 MPH)
|
| Top of the 7th over - 0 runs, 1 hit, 0 errors, 1 left on base; Reading 3 - Altoona 5 |
| BOTTOM OF THE 7TH |
|
Altoona Curve batting - Pitching for Reading Fightin Phils : RHP Seizaburo Takahashi
|
|
Batting: RHB Brandon White
|
0-0: Called Strike 0-1: Ground out 6-3 (Groundball, 6S, EV 65.0 MPH)
|
|
Batting: RHB Jeff Edwards
|
0-0: Called Strike 0-1: Called Strike 0-2: Strikes out looking
|
|
Batting: LHB Carlos Vega
|
0-0: Called Strike 0-1: Foul Ball, location: 2F 0-2: Ball 1-2: Foul Ball, location: 2F 1-2: Ball 2-2: Foul Ball, location: 2F 2-2: Foul Ball, location: 2F 2-2: Ball 3-2: Ground out 5-3 (Groundball, 6S, EV 85.0 MPH)
|
| Bottom of the 7th over - 0 runs, 0 hits, 0 errors, 0 left on base; Reading 3 - Altoona 5 |
| TOP OF THE 8TH |
|
Reading Fightin Phils batting - Pitching for Altoona Curve : RHP Greg Adair
|
|
Pitching: LHP Mike Alcaraz
|
|
|
Batting: RHB Guan-pei Gao
|
0-0: Ball 1-0: Fly out, F8 (Flyball, 8LXD, EV 90.6 MPH)
|
|
Batting: RHB Greg Herzig
|
0-0: Ball 1-0: SINGLE (Groundball, 56D, EV 95.6 MPH)
|
|
Batting: RHB Victor Arroyo
|
0-0: DOUBLE (Flyball, 89XD, EV 102.5 MPH) Greg Herzig to third
|
|
Batting: RHB David Clough
|
0-0: Swinging Strike 0-1: Fly out, F8 (Line Drive, 8RM, EV 85.6 MPH)
|
|
Batting: SHB Marco de Leon
|
0-0: Foul Ball, location: 2F 0-1: Ball 1-1: SINGLE (Groundball, 6MD, EV 99.4 MPH) Greg Herzig scores Victor Arroyo to third Runner from 3rd tries for Home, SAFE, throw by CF to home
|
|
Batting: RHB Victor Arias
|
0-0: Swinging Strike 0-1: Fielders Choice at 2nd, 6-4 (Groundball, 6, EV 85.6 MPH)
|
| Top of the 8th over - 2 runs, 3 hits, 0 errors, 1 left on base; Reading 5 - Altoona 5 |
| BOTTOM OF THE 8TH |
|
Altoona Curve batting - Pitching for Reading Fightin Phils : RHP Seizaburo Takahashi
|
|
Pitching: RHP David Oviedo
|
|
|
Batting: RHB Steve Terres
|
0-0: Ball 1-0: TRIPLE (Flyball, 89XD, EV 88.8 MPH)
|
|
Batting: LHB Joe Wise
|
0-0: Intentional Walk
|
|
Pinch Hitting: LHB Rogelio Nunez
|
0-0: Swinging Strike 0-1: Foul Ball, location: 2F 0-2: Strikes out swinging
|
|
Batting: LHB Mike Handrahan
|
0-0: Called Strike Joe Wise steals 2nd base 0-1: Ball 1-1: Intentional Walk
|
|
Batting: RHB Terrence Wilson
|
0-0: Ball 1-0: Ball 2-0: Called Strike 2-1: Ball Wild Pitch! Steve Terres scores Joe Wise to third Mike Handrahan to second 3-1: SINGLE (Groundball, 56D, EV 95.6 MPH) Joe Wise scores Mike Handrahan to third
|
|
Batting: RHB Alex Arzate
|
0-0: Ball 1-0: Foul Ball, location: 2F 1-1: Ground out 5-3 (Groundball, 56S, EV 68.8 MPH) Terrence Wilson to second
|
|
Batting: RHB Brandon White
|
0-0: Called Strike 0-1: Fly out, F7 (Flyball, 7, EV 88.8 MPH)
|
| Bottom of the 8th over - 2 runs, 2 hits, 0 errors, 2 left on base; Reading 5 - Altoona 7 |
| TOP OF THE 9TH |
|
Reading Fightin Phils batting - Pitching for Altoona Curve : LHP Mike Alcaraz
|
|
Pitching: RHP Joe Simanton
|
|
|
Now at 2B: Chris McCoy
|
|
|
Batting: RHB Jake Cox
|
0-0: Ball 1-0: Ball 2-0: Called Strike 2-1: Ball 3-1: Foul Ball, location: 2F 3-2: Strikes out looking
|
|
Batting: RHB Mike Bell
|
0-0: Foul Ball, location: 2F 0-1: Ball 1-1: Foul Ball, location: 2F 1-2: Ball 2-2: Foul Ball, location: 2F 2-2: Strikes out looking
|
|
Batting: RHB Chris Myers
|
0-0: Ground out 5-3 (Groundball, 56D, EV 107.5 MPH)
|
| Top of the 9th over - 0 runs, 0 hits, 0 errors, 0 left on base; Reading 5 - Altoona 7 |
|